[Event "FIDE Womens Candidates 2024"]
[Site "Toronto"]
[Date "2024.04.04"]
[Round "1.3"]
[White "Lei, Tingjie"]
[Black "Tan, Zhongyi"]
[Result "0-1"]
[ECO "D35"]
[WhiteElo "2550"]
[BlackElo "2521"]
[Annotator "TA"]
[PlyCount "104"]
[EventDate "2024.04.02"]
[EventType "tourn"]
[EventCountry "CAN"]
[SourceTitle "playchess.com"]
[Source "ChessBase"]
[SourceQuality "1"]
[TimeControl "40/5400+30:1800+30"]

1. d4 Nf6 2. c4 e6 3. Nc3 d5 4. cxd5 exd5 5. Bg5 Be7 6. e3 h6 7. Bh4 Bg4 8. Qc2 O-O 9. h3 Be6 {[%emt 0:00:10] White has an edge.} 10. Nf3 Ne4 11. Nxe4 {[%emt 0:08:54] And now Bxe7 would win.} Bxh4 12. Nc5 Bc8 13. Nxh4 Qxh4 14. Be2 c6 15. b4 Re8 16. O-O Qg5 17. Kh1 Nd7 18. b5 Nxc5 19. Qxc5 Re6 20. bxc6 Rg6 21. Bf3 {[%emt 0:07:09] Strongly threatening c7.} bxc6 22. Qa5 h5 23. Qc7 Qh4 (23... Bg4 $5 24. Qg3 (24. hxg4 hxg4 25. Qg3 Rh6+ 26. Kg1 Qh5 $16) 24... Qh6 $11) 24. Qf4 ({White should try} 24. Rac1 $14) 24... Qxf4 $11 25. exf4 Rf6 26. Rfe1 Kf8 {[%emt 0:02:26] Prevents Re8+.} 27. Rac1 g6 28. Kh2 Rxf4 29. Rxc6 Rxd4 30. Rd1 Rxd1 31. Bxd1 $17 {[%emt 0:00:03][%mdl 4096] Endgame. KRB-KRB} a5 32. Kg3 Be6 33. Kf4 Ke7 34. a3 Rb8 35. Rc5 Rb2 36. Rxa5 Rxf2+ 37. Bf3 Kf6 {[%emt 0:02:50] Black is more active.} 38. Ra6 Rf1 39. h4 Rh1 (39... Ke7 $17 40. Ke5 Re1+ 41. Kf4 Rh1) 40. Kg3 $2 {[%emt 0:00:00] This move loses the game for White.} (40. Bxd5 $15 Rxh4+ 41. Kg3) 40... Ke5 $19 41. a4 (41. Ra4 $142) 41... Kd4 {[%emt 0:01:11] White must now prevent ...Ke3.} 42. Ra8 $2 (42. Rc6) 42... Ke3 43. Re8 {[%emt 0:05:15] [#]} g5 $1 44. Rxe6+ fxe6 45. hxg5 {[%emt 0:00:04] KR-KB} h4+ 46. Kg4 {[%emt 0:00:13] [#]} h3 $1 {[%emt 0:00:06] ( -> ...Kf2)} 47. g6 Kf2 ({Weaker is} 47... hxg2 48. Bxg2 Rh8 (48... Rg1 49. Kg3 $11) 49. Kg5 $17) 48. Kf4 Ra1 {[%emt 0:01:11] Black mates.} 49. g7 Rxa4+ 50. Kg5 Ra8 ({Inferior is} 50... hxg2 51. Bxg2 Kg3 52. Bf1 $11) 51. gxh3 Kxf3 52. h4 Rg8 {[%emt 0:00:05] Weighted Error Value: White=0.44/Black=0.04 (flawless) .  Loses game:     	White=1     	---        Mistake:       	White=3     	Black=1      Inaccurate:     	White=3     	Black=3      OK:         	White=12    	Black=19     Best:        	White=2     	Black=5} 0-1

[Event "FIDE Womens Candidates 2024"]
[Site "Toronto"]
[Date "2024.04.06"]
[Round "3.3"]
[White "Lei, Tingjie"]
[Black "Goryachkina, Aleksandra"]
[Result "1/2-1/2"]
[ECO "C51"]
[WhiteElo "2550"]
[BlackElo "2553"]
[Annotator "TA"]
[PlyCount "89"]
[EventDate "2024.04.02"]
[EventType "tourn"]
[EventCountry "CAN"]
[SourceTitle "playchess.com"]
[Source "ChessBase"]
[SourceQuality "1"]
[TimeControl "40/5400+30:1800+30"]

1. e4 e5 2. Nf3 Nc6 3. Bc4 Bc5 4. b4 Bxb4 5. c3 Be7 6. d4 Na5 7. Be2 d6 8. Qa4+ c6 9. dxe5 dxe5 10. Nxe5 Nf6 11. O-O Qc7 12. Nf3 b5 13. Qc2 O-O 14. Re1 Ng4 15. h3 Ne5 16. Nbd2 Ng6 17. a4 Bd7 18. Bf1 Nb7 19. Nd4 a6 20. Nf5 Bf6 21. Bb2 Rfe8 22. Rab1 (22. c4 $14) 22... Nc5 $11 23. c4 (23. axb5 {keeps more tension.} axb5 24. c4 Ra2 25. cxb5 cxb5 26. Ne3) 23... Bxb2 (23... Nxa4 $6 24. Bxf6 gxf6 25. cxb5 axb5 26. Bxb5 $16) 24. Qxb2 Qe5 ({And not} 24... Nxa4 25. Qxg7#) 25. Qxe5 (25. axb5 Qxb2 (25... Bxf5 26. exf5 Qxf5 27. b6 $18) 26. Rxb2 Bxf5 27. exf5 Rxe1 $17) 25... Rxe5 26. axb5 axb5 27. Ng3 h5 28. cxb5 {[%emt 0:04:54] [#] And now Rec1 would win.} h4 29. Ne2 cxb5 30. Nd4 Rb8 {[%emt 0:02:34] The position is equal.} 31. Bxb5 Bxb5 32. Rxb5 Rxb5 33. Nxb5 Nxe4 34. Rxe4 Rxb5 {[%emt 0:00:02][%mdl 4096] Endgame. KRN-KRN} 35. Nf3 Rh5 36. Rb4 f6 37. Kf1 Kf7 38. Ke2 Kg8 39. Ra4 Kf7 40. Rg4 Rh8 41. Re4 Rh5 42. Ra4 Kg8 43. Rg4 Kf7 44. Ra4 Kg8 45. Rg4 {[%emt 0:01:37] Weighted Error Value: White=0.09 (flawless) /Black=0.06 (flawless) .  Mistake:       	White=1     	---        Inaccurate:     	White=1     	Black=2      OK:         	White=12    	Black=22     Best:        	---       	Black=1} 1/2-1/2

[Event "FIDE Womens Candidates 2024"]
[Site "Toronto"]
[Date "2024.04.09"]
[Round "5.2"]
[White "Lei, Tingjie"]
[Black "Lagno, Kateryna"]
[Result "1/2-1/2"]
[ECO "C55"]
[WhiteElo "2550"]
[BlackElo "2542"]
[Annotator "TA"]
[PlyCount "89"]
[EventDate "2024.04.02"]
[EventType "tourn"]
[EventCountry "CAN"]
[SourceTitle "playchess.com"]
[Source "ChessBase"]
[SourceQuality "1"]
[TimeControl "40/5400+30:1800+30"]

1. e4 e5 2. Nf3 Nc6 3. Bc4 Nf6 4. d3 Be7 5. O-O O-O 6. Bb3 d6 7. c3 Na5 8. Bc2 c5 9. Re1 Nc6 10. a3 Re8 11. b4 a6 {[%emt 0:01:26] The position is equal.} 12. Nbd2 h6 13. h3 Bf8 14. Bb2 Nh5 15. Nf1 Nf4 16. Ng3 Qf6 17. d4 exd4 18. cxd4 cxb4 19. axb4 Nxb4 {[%emt 0:00:27][%cal Of4h3] ...Nxh3+! is the strong threat.} 20. Bb1 a5 21. Bc1 {[%emt 0:09:55] Bxf4 would now be deadly.} Ng6 22. Nh5 Qd8 23. Bd2 Bd7 24. d5 (24. Nh2 $11) 24... Ne5 $1 $17 25. Nd4 Qh4 26. Ng3 {[%emt 0:04:23] [#]} g6 $1 {[%emt 0:00:44] Repels Ndf5} 27. Bxb4 axb4 28. Rxa8 Rxa8 29. Qb3 Bg7 {[%emt 0:00:55] White must now prevent ...Ra3.} 30. Nde2 {[%emt 0:00:43] [#]} (30. Nge2 $17 {might work better.}) 30... Bxh3 $1 $19 31. Qxb4 Bg4 (31... Ng4 $142 32. Rf1 Bxg2 33. Kxg2 Qh2+ 34. Kf3 Ra3+ 35. Qxa3 (35. Kxg4 h5+ 36. Kg5 Bf6+ 37. Kh6 Qh4 38. Qxa3 Bg7#) 35... Ne5+ 36. Ke3 (36. Kf4 Qh4+ 37. Ke3 Nc4+ 38. Kf3 Nxa3 $19) 36... Nc4+ 37. Kf3 Nxa3) 32. Qxd6 (32. Nd4 $142) 32... h5 33. Qc7 b5 34. d6 Nc4 35. Qb7 Rd8 (35... Nxd6 $2 36. Qxa8+ Kh7 37. Qd5 $18) (35... Qd8 $19 {Strongly threatening ...Qa5.} 36. Qxb5 Nxd6) 36. Qxb5 $17 Nxd6 37. Qb3 ({White should try} 37. Qd3) 37... Be5 {[%emt 0:00:44] This pair of bishops is nice.} 38. Qd5 Qg5 {[%emt 0:02:20] Hoping for ...Ne8.} 39. Nf5 Nxf5 $2 ({Better is} 39... Bf3 $19 40. Neg3 Qf6 (40... Bc3 41. Nh6+ Qxh6 42. Re3 $17)) 40. Qxe5 $11 Qd2 41. Qc3 $1 Bxe2 42. Qxd2 Rd4 {[%emt 0:00:04][%mdl 8192] [#]} (42... Rxd2 $11 43. exf5 gxf5) 43. Qd3 $2 Rxd3 (43... Bxd3 $11 44. exf5 Bxb1 45. Rxb1 Kg7 (45... gxf5 46. Rb5 $11)) 44. exf5 ({Much weaker is} 44. Rxe2 Rd1+ 45. Kh2 Nh6 $11 (45... Rxb1 46. exf5 g5 47. Re4 $11)) (44. Bxd3 $16 Bxd3 45. exf5 Bxf5 46. g3) 44... Rd2 45. fxg6 {[%emt 0:00:09] Weighted Error Value: White=0.40/Black=0.24 (precise) .  Loses game:     	---       	Black=1      Missed win:     	White=1     	Black=1      Mistake:       	White=4     	Black=3      Inaccurate:     	White=2     	Black=1      OK:         	White=11    	Black=8      Best:        	White=1     	---        Strong:       	White=1     	Black=2      Brilliant:      	---       	Black=1} 1/2-1/2

[Event "FIDE Womens Candidates 2024"]
[Site "Toronto"]
[Date "2024.04.11"]
[Round "7.4"]
[White "Lei, Tingjie"]
[Black "Vaishali, Rameshbabu"]
[Result "1-0"]
[ECO "C54"]
[WhiteElo "2550"]
[BlackElo "2475"]
[Annotator "TA"]
[PlyCount "71"]
[EventDate "2024.04.02"]
[EventType "tourn"]
[EventCountry "CAN"]
[SourceTitle "playchess.com"]
[Source "ChessBase"]
[SourceQuality "1"]
[TimeControl "40/5400+30:1800+30"]

1. e4 e5 2. Nf3 Nc6 3. Bc4 Nf6 4. d3 Bc5 5. O-O d6 6. c3 a5 {[%emt 0:00:19] C54: Giuoco Piano: 4 c3 Nf6, main lines with 5 d4 and 5 d3.} 7. Nbd2 O-O 8. Re1 Be6 9. h3 h6 10. Bb5 Ne7 11. d4 Bb6 $146 ({Predecessor:} 11... exd4 12. cxd4 Ba7 13. Bd3 Ng6 14. Nf1 d5 15. e5 Ne4 16. Ng3 Nxg3 17. fxg3 c5 18. dxc5 Bxc5+ {0-1 Volokitin,A (2677)-Petrosyan,M (2620) Wch Blitz Warsaw 2021 (10)}) 12. Bd3 Re8 13. Nf1 exd4 14. Nxd4 Ng6 15. Ng3 Bd7 16. Bd2 Ne5 17. Bf1 d5 18. exd5 Nxd5 19. Qb3 c6 20. Ne4 Qc7 21. a4 Rad8 22. Rad1 Ng6 23. Bc1 Ba7 24. c4 Nb4 25. c5 Nd5 26. Bc4 Bc8 27. Bxd5 cxd5 (27... Rxd5 $2 28. Nf6+ gxf6 29. Rxe8+ Kh7 30. Qe3 $18) 28. Nb5 Qb8 $2 {[%emt 0:00:04] [#]} (28... Qe7 $14) 29. Nxa7 $2 ({Resist} 29. Rxd5 $6 Be6 30. Rxd8 Qxd8 $18) (29. Qxd5 $1 $18 Bxh3 (29... Rxd5 30. Nf6+ gxf6 31. Rxe8+ Kg7 32. Rxd5 $18) 30. Ned6 Rxe1+ 31. Rxe1) 29... Qxa7 $11 30. Rxd5 Be6 31. Rxd8 Rxd8 $2 (31... Bxb3 $11 32. Rxe8+ Kh7) 32. Qc3 $18 b6 (32... Qa8 {was necessary.} 33. b3 Rd5 34. Bxh6 gxh6 35. Nf6+ Kf8 36. Rxe6 Rd1+ 37. Re1 Rxe1+ 38. Qxe1 Qd8) 33. b3 $18 Bf5 $2 (33... Kh7 34. Bb2 Rg8) 34. Nf6+ $18 Kh8 35. Bxh6 bxc5 36. Nh5 (36. Bxg7+ $142 Kxg7 37. Ne8+ Kh6 38. Qg7+ Kh5 39. Nf6+ (39. g4+ Bxg4 40. h4 Kxh4 41. Qh6+ Bh5 42. Re4+ Kh3 43. Qxh5+ Nh4 44. Rxh4#) (39. Qf6 Rxe8 40. Qxf5+ Kh6 $18) 39... Kg5 40. h4+ Kxh4 41. Qh6#) 1-0

[Event "FIDE Womens Candidates 2024"]
[Site "Toronto"]
[Date "2024.04.14"]
[Round "9.1"]
[White "Lei, Tingjie"]
[Black "Salimova, Nurgyul"]
[Result "1/2-1/2"]
[ECO "C41"]
[WhiteElo "2550"]
[BlackElo "2432"]
[Annotator "TA"]
[PlyCount "72"]
[EventDate "2024.04.02"]
[EventType "tourn"]
[EventCountry "CAN"]
[SourceTitle "playchess.com"]
[Source "ChessBase"]
[SourceQuality "1"]
[TimeControl "40/5400+30:1800+30"]

1. e4 d6 2. d4 Nf6 3. Nc3 e5 4. Nf3 Nbd7 5. Rg1 c6 6. g4 h6 7. h4 exd4 8. Qxd4 Nc5 9. e5 Ne6 10. Qd3 Nd7 (10... dxe5 $15 11. Qxd8+ (11. Nxe5 Qxd3 12. Bxd3 Bd6 $15) 11... Nxd8 12. Nxe5 Bd6) 11. exd6 $14 Ndc5 12. Qe2 Bxd6 13. Be3 Be7 14. g5 hxg5 15. hxg5 Qd6 16. Bd2 Nf4 17. Qe5 Ng6 18. Qxd6 (18. Qxg7 $2 {loses.} Ne6 19. Nb5 cxb5 $19 (19... Nxg7 $2 20. Nxd6+ Bxd6 21. O-O-O $19)) 18... Bxd6 19. O-O-O Be6 20. Be3 Bf4 21. Bxf4 Nxf4 22. b4 {[%emt 0:03:48] The position is equal.} Nd7 23. Nd4 O-O-O 24. g6 fxg6 25. Nxe6 Nxe6 26. Rxg6 Ndf8 27. Rg1 Rh4 28. a3 Rxd1+ 29. Kxd1 Rf4 30. Bh3 Kc7 31. Ke2 Rc4 32. Kd2 Rd4+ 33. Ke3 {[%emt 0:00:07][%cal Og1g7] next Rxg7+! is good for White.} Rc4 34. Kd2 Rd4+ 35. Ke3 Rc4 36. Kd2 Rd4+ {[%emt 0:00:07] Weighted Error Value: White=0.07 (flawless) /Black=0.09 (flawless) .  Mistake:       	---       	Black=1      Inaccurate:     	White=2     	Black=1      OK:         	White=11    	Black=20     Best:        	White=1     	Black=1} 1/2-1/2

[Event "FIDE Womens Candidates 2024"]
[Site "Toronto"]
[Date "2024.04.17"]
[Round "11.1"]
[White "Lei, Tingjie"]
[Black "Muzychuk, Anna"]
[Result "1/2-1/2"]
[ECO "C54"]
[WhiteElo "2550"]
[BlackElo "2520"]
[Annotator "TA"]
[PlyCount "105"]
[EventDate "2024.04.02"]
[EventType "tourn"]
[EventCountry "CAN"]
[SourceTitle "playchess.com"]
[Source "ChessBase"]
[SourceQuality "1"]
[TimeControl "40/5400+30:1800+30"]

1. e4 e5 2. Nf3 Nc6 3. Bc4 Bc5 4. d3 Nf6 5. O-O d6 6. c3 a5 {[%emt 0:00:38] C54: Giuoco Piano: 4 c3 Nf6, main lines with 5 d4 and 5 d3.} 7. Nbd2 O-O 8. Re1 Be6 9. Bb5 Qb8 10. Nf1 Qa7 11. Re2 a4 12. h3 Qa5 13. Bxc6 bxc6 14. Ng5 Bb6 $146 ({Predecessor:} 14... Bd7 15. Ng3 Rfb8 16. Nf3 Be6 17. Rc2 h6 18. Bd2 Qa7 19. Qe2 Kh7 20. c4 Ng8 {½-½ Cvak,R (2386)-Del Monaco,A (2330) EU-ch 2022 sf09 email}) 15. Ng3 h6 16. Nf3 Rfd8 17. Bd2 Qa6 18. Qc1 Qxd3 19. Bxh6 $1 gxh6 (19... Nh7 $11 {keeps the balance.}) 20. Qxh6 $16 Ne8 $1 21. Rd2 Qc4 $1 {[%emt 0:00:12] [#]} 22. Nxe5 (22. Ng5 $1 $14) 22... dxe5 $15 23. Rxd8 Rxd8 24. Qg5+ Kf8 $1 25. Qxd8 a3 $1 26. Qd2 $1 axb2 27. Qxb2 Qd3 28. Kh2 Nd6 29. Re1 Nb5 (29... Nc4 $17 30. Qb4+ Ke8) 30. c4 (30. Rc1 $15) 30... Qc3 (30... Bxc4 31. Qxe5 Be6 32. Qf6 $11) 31. Qe2 (31. Qxc3 $17 {was called for.} Nxc3 32. f3) 31... Bxc4 (31... Nd6 $19 32. Rd1 Qxc4 33. Qxc4 Bxc4) 32. Qg4 $17 Nd6 $1 (32... Qxe1 33. Qc8+ Ke7 34. Nf5+ Kf6 35. Qh8+ Ke6 36. Qd8) 33. Qg5 Qxe1 34. Nf5 (34. Qd8+ $17 Ne8 35. Nf5) 34... Nxf5 $19 (34... Bxf2 35. Qd8+ Ne8 36. Qe7+ Kg8 37. Qg5+ (37. Qxe8+ Kh7 38. h4 Qg1+ 39. Kh3 Qh1+ 40. Kg4 Qxg2+) 37... Kf8 38. Qh6+ Kg8 39. Ne7#) 35. Qd8+ Kg7 36. Qg5+ Kf8 37. Qd8+ $1 Kg7 38. Qg5+ $1 Kh8 39. exf5 {[%emt 0:01:56] [#]} f6 $1 ({Of course not} 39... Bxf2 $6 40. Qh6+ Kg8 41. Qg5+ Kh7 42. Qh5+ Kg7 43. Qg5+ Kh7 44. Qh5+ Kg7 45. Qg5+ Kh7 $11) (39... Bxa2 40. f6) (39... Qxf2 $6 40. Qh6+ Kg8 41. Qg5+ Kh7 42. Qh5+ Kg8 43. Qg5+ Kh7 44. Qh5+ Kg8 45. Qg5+ $11) 40. Qxf6+ Kg8 41. Qg6+ Kf8 42. Qf6+ {[%emt 0:01:18] [#]} Bf7 (42... Ke8 $1 $17 43. Qxc6+ Kd8 44. Qxc4 Kc8 (44... Bxf2 45. Qg8+ Ke7 46. Qe6+ Kd8 47. Qd5+ Ke7 48. Qe6+ Kd8 49. Qd5+ Kc8 50. Qa8+ Kd7 51. Qd5+ Ke7 52. Qe6+ $11) (44... Qxf2 45. Qg8+ Ke7 46. Qe6+ Kd8 47. Qg8+ Ke7 48. Qe6+ Kd8 49. Qg8+ $11)) 43. Qd8+ $11 Be8 44. Qf6+ Kg8 45. Qe7 $1 Bh5 46. Qg5+ Kf8 47. Qf6+ $1 Ke8 48. Qxc6+ Kd8 49. Qd5+ $1 Kc8 50. Qa8+ Kd7 51. Qd5+ Kc8 52. Qa8+ Kd7 53. Qd5+ 1/2-1/2

[Event "FIDE Womens Candidates 2024"]
[Site "Toronto"]
[Date "2024.04.21"]
[Round "14.3"]
[White "Lei, Tingjie"]
[Black "Koneru, Humpy"]
[Result "0-1"]
[ECO "E24"]
[WhiteElo "2550"]
[BlackElo "2546"]
[Annotator "TA"]
[PlyCount "124"]
[EventDate "2024.04.02"]
[EventType "tourn"]
[EventCountry "CAN"]
[SourceTitle "playchess.com"]
[Source "ChessBase"]
[SourceQuality "1"]
[TimeControl "40/5400+30:1800+30"]

1. d4 Nf6 2. c4 e6 3. Nc3 Bb4 4. a3 Bxc3+ 5. bxc3 b6 6. f3 d6 7. e4 {[%emt 0:00:56] E24: Nimzo-Indian: Sämisch: Unusual Black 5th moves and 5...c5 sidelines.} Nc6 8. Bd3 Na5 9. Bg5 h6 10. Bh4 g5 11. Bf2 Ba6 12. h4 Rg8 13. Ne2 $146 ({Predecessor:} 13. hxg5 hxg5 14. Ne2 Qe7 15. c5 Bxd3 16. Qxd3 dxc5 17. dxc5 Nd7 18. cxb6 axb6 19. Rd1 {1-0 Wei,Y (2722)-Dominguez Perez,L (2739) Global Chess League rapid 2023 (10.3)}) 13... Nd7 14. c5 Bxd3 15. Qxd3 dxc5 16. e5 Qe7 17. hxg5 hxg5 18. Qa6 c4 19. Ng3 c6 20. Ne4 Kd8 21. Nd6 Kc7 22. Rh7 Nb8 23. Qxa5 bxa5 24. Rb1 Nd7 25. Rb7+ Kd8 26. Nxf7+ Kc8 27. Nd6+ Qxd6 28. exd6 Kxb7 29. Rxd7+ Ka6 30. Re7 Kb5 31. Rxe6 $2 (31. d7 $15) 31... Ka4 $19 32. Re5 $2 (32. Kd2 {might work better.} Rae8 (32... Rad8 33. d5 $11) 33. Rxe8 Rxe8 34. Bg3 Kxa3 35. Kc2) 32... Rad8 $19 (32... Kxa3 33. Rxa5+ Kb3 34. Kd2 $11) 33. Kd2 Rxd6 34. Rc5 g4 (34... Kxa3 35. Rxa5+ Kb3 36. Rxa7 $17) 35. f4 g3 (35... Kxa3 36. Rxa5+ Kb2 37. Rxa7 $19) 36. Be3 Rh6 (36... Kxa3 37. Kc2 Ka4 38. Rxc4+ Kb5 39. Rc5+ Ka6 40. f5 $19) 37. Ke2 (37. Kc2 $142 Rh2 (37... Kxa3 38. Rxa5#) 38. Rxc4+ Kb5 39. Kd3) 37... Kxa3 $19 38. Rxa5+ Kb3 39. d5 Kxc3 40. f5 Re8 41. dxc6 Rxc6 42. Kf3 a6 43. Bf4 Kb2 44. Kxg3 c3 45. Ra4 c2 46. Kf2 c1=Q 47. Bxc1+ Kxc1 48. g4 Kb2 49. Rf4 Rf8 50. Kg3 Rc5 51. Kh4 a5 52. Kh5 Ra8 53. g5 a4 54. g6 a3 55. Kh6 a2 56. Rf2+ Rc2 57. Rf1 Rf8 58. g7 Rh2+ (58... a1=R $2 59. gxf8=Q (59. gxf8=R $2 Rxf1 60. Rb8+ Ka3 $19) 59... Rxf1 60. Qb4+ Kc1 61. Qa3+ Kd2 62. Qa5+ Kd1 63. Qa4 $18) 59. Kg6 Rg2+ (59... a1=R $2 60. gxf8=Q (60. gxf8=R $2 Rxf1 61. Ra8 Rhf2 $19) 60... Rg2+ 61. Kh5 Rxf1 62. Qb4+ Ka1 63. Qa4+ Ra2 64. Qd4+ Rb2 65. f6 $18) 60. Kh7 Rf7 (60... a1=R $2 {perishes.} 61. gxf8=Q (61. gxf8=R $2 {too greedy.} Rxf1 62. Rf6 Rg5 $19) 61... Rxf1 62. Qb4+ Ka1 63. Qd4+ (63. Qa5+ Ra2 $18) 63... Rb2 64. f6 $18) 61. Kh8 a1=Q 62. Rxa1 Kxa1 0-1